 Dungeon Crawl Stone Soup version 0.24-a0-447-ge8da9206dc (webtiles) character file.

Game seed: 15885279586115143094

23456 Veritas193 the Basher (level 12, -12/110 HPs)
             Began as a Minotaur Fighter on June 25, 2019.
             Was an Elder of the Shining One.
             Mangled by a death knight
             ... wielding a +1 great sword
              (27 damage)
             ... on level 11 of the Dungeon.
             The game lasted 00:46:50 (12063 turns).

Veritas193 the Basher (Minotaur Fighter)           Turns: 12063, Time: 00:46:51

Health: -12/110    AC: 13    Str: 29    XL:     12   Next: 72%
Magic:  12/12      EV: 13    Int:  5    God:    the Shining One [****..]
Gold:   770        SH: 15    Dex: 12    Spells: 11/11 levels left

rFire    . . .     SeeInvis +   n - +4 mace (holy)
rCold    . . .     Gourm    .   c - +1 shield
rNeg     + + .     Faith    .   D - +2 scale mail {MR+}
rPois    .         Spirit   .   (helmet restricted)
rElec    .         Reflect  .   o - +1 cloak
rCorr    .         Harm     +   (no gloves)
MR       +....                  (no boots)
Stlth    +.........             E - amulet of harm
HPRegen  0.28/turn              v - ring of see invisible
MPRegen  0.13/turn              a - +5 ring of strength

@: about to teleport, glowing
A: retaliatory headbutt, horns 2, deterioration 1, wild magic 1
a: Divine Shield, Cleansing Flame, Renounce Religion


You were on level 11 of the Dungeon.
You worshipped the Shining One.
The Shining One was greatly pleased with you.
You were not hungry.

You visited 2 branches of the dungeon, and saw 13 of its levels.
You also visited: Ossuary.

You collected 770 gold pieces.

Inventory:

Hand Weapons
 j - a +3 morningstar of freezing
 n - a +4 mace of holy wrath (weapon)
 F - a +0 hand axe of flaming
Armour
 c - a +1 shield (worn)
 h - a +0 chain mail
 o - a +1 cloak (worn)
 D - a +2 scale mail of magic resistance (worn)
Jewellery
 a - a +5 ring of strength (right hand)
 v - a ring of see invisible (left hand)
 E - an amulet of harm (around neck)
Wands
 b - a wand of acid (11)
 k - a wand of random effects (52)
 x - a wand of flame (21)
 z - a wand of digging (4)
 A - a wand of paralysis (7)
Scrolls
 g - 8 scrolls of remove curse
 m - a scroll of amnesia
 p - 2 scrolls of teleportation
 u - 2 scrolls of immolation
 y - 5 scrolls of identify
Potions
 d - 3 potions of might
 e - 2 potions of flight
 l - a potion of curing
 q - 2 potions of berserk rage
 r - 2 potions of brilliance
 s - 2 potions of agility
 t - a potion of magic
 w - a potion of invisibility
 C - a potion of ambrosia
Miscellaneous
 B - a box of beasts
Comestibles
 f - 13 rations


   Skills:
 + Level 11.0 Fighting
 + Level 4.2(10.1) Axes
 - Level 13.8(14.0) Maces & Flails
 + Level 10.8 Armour
 + Level 5.4 Dodging
 + Level 2.6 Stealth
 + Level 13.3 Shields
 + Level 0.7 Invocations
 + Level 1.5 Evocations


You had 11 spell levels left.
You didn't know any spells.
Your spell library contained the following spells:

 Spells                   Type           Power        Failure   Level  Hunger
 Corona                   Hex            #......      83%         1    ##.....
 Ensorcelled Hibernation  Hex/Ice        #.....       92%         2    ###....
 Confuse                  Hex            #.......     99%         3    ####...
 Dazzling Spray           Conj/Hex       #.....       99%         3    ####...
 Tukima's Dance           Hex            #.......     99%         3    ####...


Dungeon Overview and Level Annotations

Branches:
Dungeon (12/15)            Temple (1/1) D:4            Lair (0/6) D:11
    Orc (0/2) D:12

Altars:
Ashenzari
Cheibriados
Dithmenos
Elyvilon
Fedhas
Gozag
Hepliaklqana
Kikubaaqudgha
Makhleb
Nemelex Xobeh
Okawaru
Qazlal
Ru
Sif Muna
Trog
Vehumet
Wu Jian
Xom
Yredelemnul
Zin
The Shining One
Beogh

Annotations:
D:7 3 runed translucent doors, firegrace's ghost, novice TrBe
D:11 exclusion: 3 oklob plants


Innate Abilities, Weirdness & Mutations

You reflexively headbutt those who attack you in melee.
You have a pair of horns on your head.
Your body sometimes deteriorates upon taking damage.
Your spells are a little harder to cast, but a little more powerful.


Message History

The death knight hits you with a +1 great sword!
* * * LOW HITPOINT WARNING * * *
As you read the scroll of fear, it crumbles to dust.
You assume a fearsome visage.
The death knight looks frightened!
The yak looks frightened!
There are monsters nearby!
Aiming: Corrosive Bolt
Press: ? - help, Shift-Dir - straight line, f - death knight
Aim: a death knight, wielding a +1 great sword and wearing a +0 chain mail (lightly wounded, fleeing, haloed, reflecting injuries)
The bolt of acid hits the death knight!
The death knight is splashed with acid.
The acid corrodes the death knight!
The death knight is heavily wounded.
Your attack snaps the death knight out of its fear.
The death knight reflects your damage back at you!
* * * LOW HITPOINT WARNING * * *
The death knight's dark mirror aura disappears.
As you read the scroll of teleportation, it crumbles to dust.
You feel strangely unstable.
The death knight hits you with a +1 great sword!!
You die...

..#........#.....#....#..#.......
..#........#.....#....#..#.......
..#........#.....#....#..#.......
..#........#.....'....#..#.(..^..
...........'.....#....#..#.....##
...........#.....#.......#######.
#####.....##'########'##......##)
....#.....#............#...#..##'
....#.....#.....@p.....#...#..##.
....#.....#.Y..........#...#..##P
....#.....#########....'...#..##≈
....#.............#....#..[#..##P
....#.............#....#......##P
.>..#......######.#....##......##
....#......######.#.....#.......#
....#.#...........#.....+.###...#
....#.............#.....#.......#


You could see a death knight and a yak (fleeing).

Vanquished Creatures
  Gastronok (D:10)
  Josephine (D:10)
  Snorg (D:11)
  A hydra (D:11)
  Erolcha (D:11)
  7 two-headed ogres
  Nergalle (D:10)
  Urug (D:10)
  A skeletal warrior (D:12)
  An ugly thing (D:12)
  A cyclops (D:11)
  Maurice (D:12)
  Joseph (D:10)
  A polar bear (D:9)
  2 dream sheep (D:11)
  A hippogriff (D:7)
  23 yaks
  A shadow (D:8)
  5 wraiths
  A wyvern (D:9)
  3 hungry ghosts
  Menkaure (D:4)
  An acid dragon (D:11)
  Edmund (D:6)
  A black bear (D:11)
  4 ice beasts
  An orc warrior (D:8)
  A sky beast (D:9)
  2 phantoms
  3 centaurs
  3 ogres
  4 big kobolds
  Blork the orc (D:4)
  8 bullfrogs
  3 scorpions
  A killer bee (D:8)
  A howler monkey (D:7)
  11 wights
  6 crimson imps
  2 centaur zombies
  A bullfrog zombie (D:12)
  A quasit (D:10)
  A bullfrog skeleton (D:6)
  4 jellies
  6 hounds
  4 orc wizards
  5 orc priests
  Crazy Yiuf (D:4)
  3 centaur skeletons
  2 iguanas
  Natasha (thrice) (D:3)
  9 worker ants
  A killer bee zombie (D:5)
  A centaur simulacrum (D:9)
  A hound zombie (D:6)
  8 mummies (Ossuary)
  11 gnolls
  A howler monkey zombie (D:9)
  15 adders
  4 shadow imps
  3 white imps (D:9)
  2 ufetubi (D:9)
  3 oozes
  2 adder zombies
  3 worms
  A dart slug (D:1)
  4 leopard geckos
  43 orcs
  2 ball pythons
  3 giant cockroaches
  13 goblins
  11 hobgoblins
  8 jackals
  10 kobolds
  4 quokkas
  8 bats
  9 frilled lizards
  3 gnoll zombies (Ossuary)
  2 hobgoblin zombies (Ossuary)
  A jackal skeleton (D:6)
  A jackal zombie (D:4)
  A kobold zombie (Ossuary)
  A leopard gecko skeleton (D:6)
  2 orc zombies (Ossuary)
  A quokka skeleton (D:7)
  10 rats
344 creatures vanquished.

Notes
Turn   | Place    | Note
-------+----------+-------------------------------------------
     0 | D:1      | Veritas193 the Minotaur Fighter began the quest for the
                  | Orb.
     0 | D:1      | Reached XP level 1. HP: 19/19 MP: 0/0
    74 | D:1      | Reached XP level 2. HP: 24/27 MP: 1/1
   371 | D:1      | Reached XP level 3. HP: 30/33 MP: 2/2
   903 | D:2      | Reached XP level 4. HP: 36/40 MP: 3/3
  1231 | D:2      | Found a radiant altar of Vehumet.
  1671 | D:3      | Gained mutation: Your body sometimes deteriorates upon
                  | taking damage. [potion of mutation]
  1671 | D:3      | Gained mutation: Your spells are a little harder to cast,
                  | but a little more powerful. [potion of mutation]
  1721 | D:3      | Found a faded altar of an unknown god.
  1816 | D:3      | Noticed Natasha
  1823 | D:3      | Killed Natasha
  1823 | D:3      | Reached skill level 1 in Maces & Flails
  1823 | D:3      | Reached XP level 5. HP: 46/46 MP: 4/4
  2024 | D:3      | Noticed Natasha
  2027 | D:3      | Killed Natasha
  2055 | D:3      | Found a deep blue altar of Sif Muna.
  2155 | D:3      | Noticed Natasha
  2163 | D:3      | Killed Natasha
  2399 | D:3      | Reached XP level 6. HP: 52/53 MP: 5/5
  2401 | D:3      | Reached skill level 5 in Armour
  2474 | D:4      | Reached skill level 5 in Shields
  2476 | D:4      | Found a sand-covered staircase.
  2532 | D:4      | Reached XP level 7. HP: 43/60 MP: 6/6
  2557 | Ossuary  | Entered an ossuary
  2757 | Ossuary  | Reached skill level 5 in Maces & Flails
  2973 | D:4      | Noticed Blork the orc
  2974 | D:4      | Found a staircase to the Ecumenical Temple.
  2985 | D:4      | Killed Blork the orc
  3109 | Temple   | Entered the Ecumenical Temple
  3248 | Temple   | Became a worshipper of Elyvilon the Healer
  3364 | D:4      | Found a burning altar of Makhleb.
  3386 | D:4      | Found a shadowy altar of Dithmenos.
  3439 | D:4      | Noticed Menkaure
  3446 | D:4      | Killed Menkaure
  3446 | D:4      | Reached skill level 5 in Fighting
  3446 | D:4      | Reached skill level 1 in Dodging
  3690 | D:4      | Found a sacrificial altar of Ru.
  3754 | D:4      | Found a glowing golden altar of the Shining One.
  3754 | D:4      | Found an opulent altar of Gozag.
  3774 | D:4      | Fell from the grace of Elyvilon
  3774 | D:4      | Became a worshipper of the Shining One
  3824 | D:4      | Found a runed translucent door.
  3825 | D:4      | Noticed Crazy Yiuf
  3838 | D:4      | Killed Crazy Yiuf
  3992 | D:5      | Entered Level 5 of the Dungeon
  4005 | D:5      | Reached XP level 8. HP: 61/68 MP: 7/7
  5181 | D:6      | Found an ornate altar of the Wu Jian Council.
  5249 | D:6      | You fall into a shaft and drop 3 floors!
  5311 | D:9      | Reached * piety under the Shining One
  5332 | D:9      | Noticed a two-headed ogre
  5345 | D:9      | Killed a two-headed ogre
  5345 | D:9      | Reached XP level 9. HP: 24/78 MP: 8/8
  5611 | D:9      | Reached skill level 1 in Stealth
  5753 | D:6      | Reached skill level 10 in Maces & Flails
  5800 | D:6      | Found a sparkling altar of Nemelex Xobeh.
  5947 | D:6      | Noticed Edmund
  5954 | D:6      | Killed Edmund
  6225 | D:7      | Reached ** piety under the Shining One
  6355 | D:7      | Found a shimmering altar of Xom.
  6355 | D:7      | Found a shimmering altar of Xom.
  6356 | D:7      | Found a shimmering altar of Xom.
  6356 | D:7      | Found a shimmering altar of Xom.
  6356 | D:7      | Found a shimmering altar of Xom.
  6930 | D:7      | Found a runed translucent gate.
  6930 | D:7      | Noticed firegrace's ghost (novice TrBe)
  6931 | D:7      | Found a runed translucent gate.
  6932 | D:7      | Found a runed translucent gate.
  6939 | D:7      | Found a roughly hewn altar of Beogh.
  7180 | D:8      | Found an iron altar of Okawaru.
  7313 | D:8      | Noticed a two-headed ogre
  7326 | D:8      | Killed a two-headed ogre
  7326 | D:8      | Reached XP level 10. HP: 62/86 MP: 9/9
  7697 | D:8      | Reached *** piety under the Shining One
  7697 | D:8      | Noticed a two-headed ogre
  7708 | D:8      | Killed a two-headed ogre
  8285 | D:9      | Noticed a two-headed ogre
  8297 | D:9      | Killed a two-headed ogre
  8419 | D:9      | Found a glowing silver altar of Zin.
  8822 | D:10     | Entered Level 10 of the Dungeon
  8826 | D:10     | Reached XP level 11. HP: 93/94 MP: 10/10
  8829 | D:10     | Noticed Urug
  9167 | D:10     | Noticed Nergalle
  9182 | D:10     | Noticed a spectral orc warlord
  9185 | D:10     | Noticed a spectral orc warlord
  9480 | D:10     | Noticed Joseph
  9486 | D:10     | Reached skill level 10 in Shields
  9513 | D:10     | Killed Nergalle
  9515 | D:10     | Noticed Gastronok
  9532 | D:10     | Killed Gastronok
  9795 | D:10     | Noticed Josephine
  9795 | D:10     | Reached **** piety under the Shining One
  9865 | D:10     | Killed Urug
  9865 | D:10     | Reached skill level 10 in Armour
  9876 | D:10     | Killed Josephine
 10161 | D:10     | Killed Joseph
 10762 | D:11     | Noticed Snorg
 10767 | D:11     | Noticed Erolcha
 10774 | D:11     | Killed Snorg
 10782 | D:11     | Killed Erolcha
 10782 | D:11     | Reached XP level 12. HP: 61/105 MP: 11/11
 11102 | D:11     | Noticed a two-headed ogre
 11108 | D:11     | Killed a two-headed ogre
 11137 | D:11     | Noticed a two-headed ogre
 11150 | D:11     | Killed a two-headed ogre
 11223 | D:11     | Reached skill level 10 in Fighting
 11266 | D:11     | Found a staircase to the Lair.
 11330 | D:11     | Reached skill level 5 in Dodging
 11423 | D:11     | Noticed a two-headed ogre
 11441 | D:11     | Killed a two-headed ogre
 11807 | D:11     | Noticed a three-headed hydra
 11813 | D:11     | Killed a one-headed hydra
 11997 | D:12     | Found a staircase to the Orcish Mines.
 11997 | D:12     | Noticed Maurice
 12011 | D:12     | Noticed a death knight
 12018 | D:12     | Killed Maurice
 12028 | D:12     | Reached skill level 1 in Evocations
 12063 | D:11     | Mangled by a death knight

Levels and vault maps discovered:
D:1:      ncdulo_watergridlock, layout_basic
D:2:      minmay_spotlight, layout_basic, lemuel_doored_altar,
          kennysheep_generic_room_10
D:3:      layout_basic, old_standard_altar,
          chequers_ecumenical_altar_simple_redux, uniq_natasha
D:4:      layout_cave_pools, chequers_temple_overflow_statue_of_worship,
          marbit_many_paths, amethyst_overflow_temple_binary,
          minmay_temple_entry_stoned_glass, enter_ossuary_1, uniq_menkaure,
          uniq_crazy_yiuf_cottage, uniq_blork_the_orc
D:5:      layout_loops_ring, first_ration
D:6:      layout_gridville, nemelex_xobeh_ov_fountains_minmay,
          kennysheep_little_box, uniq_edmund
D:7:      layout_basic, lemuel_coloured_pillars_altar, xom_shifter_show,
          biasface_ghost_orc_armoury
D:8:      kennysheep_windowed_halls, layout_basic, kennysheep_mini_moat
D:9:      layout_basic, old_standard_altar, serial_ice, serial_ice_f,
          serial_ice_g, serial_ice_a, serial_ice_b, serial_ice_h
D:10:     layout_basic, uniq_urug, uniq_josephine, uniq_nergalle,
          uniq_gastronok, uniq_joseph
D:11:     layout_stronghold, dpeg_oklobed_lair, hangedman_ranch
          [blue_anna_fruit_fields], uniq_erolcha, uniq_snorg
D:12:     layout_rooms, orc_0_dummy, mumra_transporter_accident, uniq_maurice
Temple:   kb_temple_of_zot

Skill      XL: |  1  2  3  4  5  6  7  8  9 10 11 12 |
---------------+-------------------------------------+-----
Armour         | 4 5 6 8 9 10 | 10.8
Shields        | 4 5 6 7 8 9 11 13 | 13.3
Fighting       | 4 5 6 7 8 9 11 | 11.0
Axes           | 3 4 |  4.2
Maces & Flails | 1 3 4 6 9 11 12 13 | 13.8
Dodging        | 1 2 3 4 5 |  5.4
Stealth        | 2 |  2.6
Evocations     | 1 |  1.5
Invocations    | |  0.7

Action                   |  1- 3 |  4- 6 |  7- 9 | 10-12 || total
-------------------------+-------+-------+-------+-------++-------
Melee: War axe           |    82 |       |       |       ||    82
       Headbutt          |    13 |    19 |    68 |   126 ||   226
       Mace              |    19 |   126 |   370 |   433 ||   948
       Hand axe          |       |       |       |     6 ||     6
Invok: Divine Shield     |       |       |       |     2 ||     2
Evoke: Wand              |       |       |       |     3 ||     3
       Box of beasts     |       |       |       |     1 ||     1
  Use: Scroll            |     6 |     2 |     9 |     7 ||    24
       Potion            |     1 |     7 |     5 |     4 ||    17
  Eat: Ration            |       |     2 |     5 |     4 ||    11
       Chunk             |       |       |       |     2 ||     2
Armor: Chain mail        |    61 |    71 |   137 |   101 ||   370
       Scale mail        |       |       |       |    33 ||    33
Dodge: Dodged            |    23 |    34 |    73 |   109 ||   239
Block: Shield            |    56 |    72 |   177 |   319 ||   624

Table legend:
 A = Non-vault XP
 B = Vault XP
 C = Vault XP percentage of total XP
 D = Non-vault monster count
 E = Vault monster count
 F = Vault count percentage of total count
                 A         B        C        D         E       F
            +---------+---------+-------+---------+---------+-------
      Total |   17730 |   15779 |  47.1 |     267 |      77 |  22.4
            +---------+---------+-------+---------+---------+-------
        D:1 |      66 |       0 |   0.0 |      34 |       0 |   0.0
        D:2 |      81 |      41 |  33.6 |      30 |       8 |  21.1
        D:3 |     223 |      33 |  12.9 |      14 |       1 |   6.7
        D:4 |     651 |     318 |  32.8 |      35 |       4 |  10.3
        D:5 |     308 |       0 |   0.0 |      28 |       0 |   0.0
        D:6 |     427 |     164 |  27.7 |      15 |       1 |   6.2
        D:7 |    1011 |       0 |   0.0 |      19 |       0 |   0.0
        D:8 |     442 |    2920 |  86.9 |       9 |      16 |  64.0
        D:9 |    3082 |     961 |  23.8 |      24 |      11 |  31.4
       D:10 |    2163 |    6404 |  74.8 |      17 |       9 |  34.6
       D:11 |    6218 |    4313 |  41.0 |      28 |      10 |  26.3
       D:12 |    3058 |     472 |  13.4 |      14 |       1 |   6.7
    Ossuary |       0 |     153 | 100.0 |       0 |      16 | 100.0
            +---------+---------+-------+---------+---------+-------
